 Dungeon Crawl Stone Soup version 0.28.0-53-g5a82cb258f (webtiles) character file.

Game seed: 16063900059942632161

39 cbfl8 the Covered (level 3, 0/29 HPs)
             Began as a Demonspawn Fighter on July 21, 2022.
             Succumbed to an adder's poison
             ... on level 3 of the Dungeon.
             The game lasted 00:00:50 (1523 turns).

cbfl8 the Covered (Demonspawn Fighter)              Turns: 1523, Time: 00:00:50

Health: 0/29       AC:  6    Str: 18    XL:     3   Next: 26%
Magic:  3/3        EV:  9    Int:  9    God:
Gold:   104        SH:  4    Dex: 12    Spells: 2/2 levels left

rFire   + . .      SeeInvis .   a - +0 war axe
rCold   x . .      Faith    .   c - +0 buckler
rNeg    . . .      Spirit   .   b - +0 scale mail
rPois   .          Reflect  .   (helmet restricted)
rElec   .          Harm     .   (no cloak)
rCorr   .          Rampage  .   (no gloves)
Will    .....                   (no boots)
Stlth   ..........              (no amulet)
HPRegen 0.09/turn               h - ring of fire
MPRegen 0.08/turn               (no ring)

@: lethally poisoned (0 -> -8)
A: horns 1
a: no special abilities


You were on level 3 of the Dungeon.
You visited 1 branch of the dungeon, and saw 3 of its levels.

You collected 104 gold pieces.

Inventory:

Hand Weapons
 a - a +0 war axe (weapon)
Armour
 b - a +0 scale mail (worn)
 c - a +0 buckler (worn)
Jewellery
 h - a ring of fire (left hand)
Wands
 i - a wand of polymorph (10)
Scrolls
 e - 2 scrolls of teleportation {unknown}
 j - a scroll of fear {unknown}
Potions
 d - a potion of might
 f - a potion of curing {unknown}
 g - a potion of resistance {unknown}
 k - a potion of lignification {unknown}


   Skills:
 + Level 3.2 Fighting
 + Level 2.2 Axes
 + Level 3.4 Armour
 + Level 2.9 Shields


You had 2 spell levels left.
You didn't know any spells.
Your spell library contained the following spells:

 Spells                   Type           Power      Damage    Failure   Level
 Corpse Rot               Necr/Air       0%         N/A       94%         2
 Poisonous Vapours        Pois/Air       0%         N/A       94%         2


Dungeon Overview and Level Annotations

Branches:
Dungeon (3/15)

Altars:

Shops:
D:2 :


Innate Abilities, Weirdness & Mutations

You have a pair of small horns on your head.


Message History

The adder is severely wounded.
The adder completely misses you. The adder bites you.
You are poisoned.
The adder poisons you!
An adder is nearby!
You closely miss the adder.
The adder is severely wounded.
You feel sick. The adder bites you.
You are more poisoned.
The adder poisons you! The adder bites you.
You are more poisoned.
The adder poisons you!
You completely miss the adder.
The adder is severely wounded.
You feel very sick. The adder bites you but does no damage.
You hit the adder but do no damage.
The adder is severely wounded.
You feel very sick.
The adder bites you but does no damage. x2
You barely miss the adder. Your headbutt misses the adder.
The adder is severely wounded.
* * * LOW HITPOINT WARNING * * *
You feel very sick. The adder closely misses you.
The adder bites you but does no damage.
You miss the adder. Your headbutt misses the adder.
The adder is severely wounded.
* * * LOW HITPOINT WARNING * * *
You feel sick. The adder bites you but does no damage. The adder bites you.
* * * LOW HITPOINT WARNING * * *
You are lethally poisoned!
The adder poisons you!
You completely miss the adder.
The adder is severely wounded.
* * * LOW HITPOINT WARNING * * *
You feel very sick. The adder bites you but does no damage.
The adder closely misses you.
You barely miss the adder.
The adder is severely wounded.
You die...

.. . . ...
# ..
.#.##. ...
.....
..#.#.#
....#
#.S#######
#.@......#
#..).....#
#........#
#....<...#
#........#
#.....$..#
##########


You could see an adder.

Vanquished Creatures
  2 adders (D:2)
  3 ball pythons
  3 bats
  3 endoplasms
  2 giant cockroaches
  A goblin (D:1)
  3 frilled lizards
  2 kobolds
  A rat (D:1)
20 creatures vanquished.

Vanquished Creatures (others)
  4 fungi (D:2)
4 creatures vanquished.

Grand Total: 24 creatures vanquished

Notes
Turn   | Place    | Note
-------+----------+-------------------------------------------
     0 | D:1      | cbfl8 the Demonspawn Fighter began the quest for the Orb.
     0 | D:1      | Reached XP level 1. HP: 18/18 MP: 1/1
    40 | D:1      | Noticed a great orb of eyes
    95 | D:1      | Noticed a floating eye
    97 | D:1      | Found a faded altar of an unknown god.
    98 | D:1      | Noticed a golden eye
    98 | D:1      | Noticed a golden eye
   249 | D:1      | Gained mutation: You have a pair of small horns on your
                  | head. [demonic ancestry]
   249 | D:1      | Reached XP level 2. HP: 24/24 MP: 2/2
  1131 | D:2      | Found Ceumes's Book Shoppe.
  1214 | D:2      | Reached XP level 3. HP: 29/29 MP: 3/3
  1523 | D:3      | Succumbed to an adder's poison

Illustrated notes

Levels and vault maps discovered:
D:1:      nagdon_arrival_zigzag_paths, layout_rooms,
          hellmonk_ecumenical_altar_watching_god, interstate_on_off,
          chequers_jeans
D:2:      layout_loops_ring, serial_shops, nicolae_lakefront_shop, minivault_23,
          grunt_ministairs_1, minmay_crystal_water, uniq_crazy_yiuf_cottage
D:3:      layout_rooms, mainiacjoe_overflow_catch_the_wave, serial_shops, shop

Skill      XL: |  1  2 |
---------------+-------+-----
Axes           | 2 |  2.2
Armour         | 3 |  3.4
Fighting       | |  3.2
Shields        | |  2.9

Action                   || total
-------------------------++-------
Melee: War axe           ||    63
       Headbutt          ||     6
Armor: Scale mail        ||    29
Dodge: Dodged            ||    20
Block: Buckler           ||    14
